 Dungeon Crawl Stone Soup version 0.29.0-5-ge4962eb29e (webtiles) character file.

Game seed: 10192659426298029412

1750 Arum the Trooper (level 9, -1/70 (73) HPs)
             Began as a Formicid Fighter on Aug 28, 2022.
             Was an Elder of Lugonu.
             Succumbed to an orc warrior's poison
             ... on level 6 of the Dungeon.
             The game lasted 00:09:12 (6644 turns).

Arum the Trooper (Formicid Fighter)                 Turns: 6644, Time: 00:09:12

HP:   -1/70 (73)    AC: 11    Str: 29 (30) XL:     9   Next: 26%
MP:   9/9           EV: 11    Int:  8 (9)  God:    Lugonu [****..]
Gold: 456           SH:  5    Dex: 10 (13) Spells: 8/8 levels left

rFire   . . .      SeeInvis +   E - +1 whip (vamp)
rCold   . . .      Faith    .   c - +0 buckler
rNeg    . . .      Spirit   .   b - +0 steam dragon scales
rPois   .          Reflect  .   (helmet unavailable)
rElec   .          Harm     .   (no cloak)
rCorr   .          Rampage  .   h - +0 pair of gloves
Will    .....                   u - +2 pair of boots
Stlth   +.........              (no amulet)
HPRegen 0.21/turn               f - +6 ring of strength
MPRegen 0.11/turn               B - ring of flight

@: lethally poisoned (-1 -> -12), flying, lightly drained
A: permanent stasis, dig shafts and tunnels, antennae 3, four strong arms
a: Dig, Shaft Self, Renounce Religion, Depart the Abyss, Bend Space, Banish,
Corrupt


You were on level 6 of the Dungeon.
You worshipped Lugonu.
Lugonu was greatly pleased with you.
You visited 2 branches of the dungeon, and saw 8 of its levels.

You collected 456 gold pieces.

Inventory:

Hand Weapons
 x - a +0 flail of protection
 E - a +1 vampiric whip (weapon)
Missiles
 i - 3 javelins
Armour
 b - +0 steam dragon scales (worn)
 c - a +0 buckler (worn)
 h - a +0 pair of gloves (worn)
 u - a +2 pair of boots (worn)
 w - a +0 kite shield
Jewellery
 f - a +6 ring of strength (left hand)
 m - a ring of magical power
 B - a ring of flight (right hand)
Wands
 k - a wand of flame (22)
 D - a wand of quicksilver (10)
Scrolls
 e - 3 scrolls of teleportation {unknown}
 g - 3 scrolls of identify {unknown}
 j - a scroll of torment {unknown}
 l - 2 scrolls of magic mapping {unknown}
 n - a scroll of noise {unknown}
 p - a scroll of fog {unknown}
 r - a scroll of fear {unknown}
 t - 2 scrolls of enchant armour {unknown}
 v - 2 scrolls of immolation {unknown}
 y - 2 scrolls of vulnerability {unknown}
Potions
 a - a potion of heal wounds {unknown}
 d - 2 potions of might
 o - a potion of flight {unknown}
 s - a potion of degeneration
 z - a potion of mutation {unknown}
 A - 2 potions of invisibility {unknown}
 C - 2 potions of lignification {unknown}


   Skills:
 + Level 7.7 Fighting
 + Level 6.7 Maces & Flails
 + Level 7.7 Armour
 - Level 5.0 Shields


You had 8 spell levels left.
You didn't know any spells.
Your spell library contained the following spells:

 Spells                   Type           Power      Damage    Failure   Level
 Dazzling Flash           Conj/Hex       0%         N/A       83%         3
 Portal Projectile        Hex/Tloc       0%         N/A       83%         3
 Tukima's Dance           Hex            0%         N/A       83%         3
 Iskenderun's Mystic Bla  Conj/Tloc      0%         2d3       99%         4
 Blade Hands              Tmut           0%         N/A       100%        5
 Starburst                Conj/Fire      0%         6d3       100%        6


Dungeon Overview and Level Annotations

Branches:
Dungeon (7/15)             Temple (1/1) D:4

Altars:
Cheibriados
Elyvilon
Fedhas
Kikubaaqudgha
Makhleb
Nemelex Xobeh
Okawaru
Qazlal
Sif Muna
Uskayaw
Vehumet
Xom
Zin
The Shining One
Lugonu

Annotations:
D:5 2 transporters, sanka's ghost, weakling MeDe


Innate Abilities, Weirdness & Mutations

You cannot be hasted, slowed, berserked, paralysed or teleported.
You can dig through walls and to a lower floor.
You have a pair of large antennae on your head. (SInv)
Your four strong arms can wield two-handed weapons with a shield.


Message History

You hit the orc warrior but do no damage.
The orc warrior is severely wounded.
You feel very sick. The steam dragon closely misses you.
You block the steam dragon's attack.
The orc warrior hits you with a +1 trident of venom.
You hit the orc warrior but do no damage.
The orc warrior is severely wounded.
You feel very sick.
The steam dragon bites you but does no damage.
The steam dragon claws you but does no damage.
The orc warrior hits you with a +1 trident of venom!
You are more poisoned.
You hit the orc warrior.
You feel better.
The orc warrior is almost dead.
You feel very sick.
The steam dragon bites you but does no damage.
You block the steam dragon's attack.
Unknown command.
You hit the orc warrior but do no damage.
The orc warrior is almost dead.
* * * LOW HITPOINT WARNING * * *
You feel very sick.
The orc warrior hits you with a +1 trident of venom!
* * * LOW HITPOINT WARNING * * *
The steam dragon breathes steam at you. The ball of steam hits you! You resist.
* * * LOW HITPOINT WARNING * * *
Unknown command.
You feel better.
The orc warrior hits you with a +1 trident of venom.
* * * LOW HITPOINT WARNING * * *
You are lethally poisoned!
The steam dragon breathes steam at you.
The ball of steam hits you but does no damage.
You resist.
Unknown command.
It was a potion of degeneration.
There was something very wrong with that liquid.
You feel weakened.
You feel dopey.
You feel clumsy.
You die...

####.....###
#...##
########...#
##.### ..# ###.#
#..# ..#
#.######.## ..#
#....##..# ..#
#....##.## [.#
#....##.#
..########.....#D#
..'......'.....o@#
..########...#####
..# #...# ..#
#...# ### #...#
#...# #...# #####


You could see a steam dragon (catching breath) and an orc warrior.

Vanquished Creatures
  Sigmund (D:5)
  A steam dragon (D:6)
  A water moccasin (D:6)
  2 sky beasts
  A centaur (D:5)
  3 phantoms
  A kobold brigand (D:6)
  A gnoll sergeant (D:5)
  A necrophage (D:6)
  A bullfrog (D:6)
  A scorpion (D:6)
  The ghost of AbrileMaio the Covert, a weakling SpBr (D:4)
  3 hounds
  An orc priest (D:3)
  2 gnoll boudas (D:6)
  2 iguanas
  An orc wizard (D:5)
  11 gnolls
  7 adders
  A white imp (D:6)
  An ufetubus (D:4)
  4 worms
  5 dart slugs
  10 orcs
  4 bats
  9 endoplasms
  2 giant cockroaches
  3 goblins
  3 hobgoblins
  5 jackals
  2 quokkas
  3 ball pythons
  5 frilled lizards
  12 kobolds
  2 rats (D:3)
113 creatures vanquished.

Vanquished Creatures (others)
  An orc priest (D:7)
  An orc (D:7)
  A plant (D:1)
3 creatures vanquished.

Grand Total: 116 creatures vanquished

Notes
Turn   | Place    | Note
-------+----------+-------------------------------------------
     0 | D:1      | Arum the Formicid Fighter began the quest for the Orb.
     0 | D:1      | Reached XP level 1. HP: 18/18 MP: 1/1
   684 | D:1      | Found a faded altar of an unknown god.
   696 | D:1      | Reached XP level 2. HP: 24/24 MP: 2/2
   715 | D:1      | Prayed at the altar of an unknown god.
   715 | D:1      | Became a worshipper of Lugonu the Unformed
   715 | D:1      | Reached * piety under Lugonu
   715 | D:1      | Reached ** piety under Lugonu
   997 | D:2      | Reached XP level 3. HP: 3/29 MP: 3/3
  1461 | D:2      | You fall into a shaft and drop 2 floors!
  1486 | D:4      | Reached XP level 4. HP: 25/37 MP: 4/4
  1712 | D:4      | Found a large runed translucent door.
  1712 | D:4      | Found a large runed translucent door.
  1717 | D:4      | Noticed AbrileMaio's ghost (weakling SpBr)
  1741 | D:4      | Found a hide-covered altar of Uskayaw.
  1799 | D:4      | Noticed a +0 dagger
  1799 | D:4      | Noticed a +0 dagger
  1817 | D:4      | Found a staircase to the Ecumenical Temple.
  1834 | Temple   | Entered the Ecumenical Temple
  1953 | D:4      | Reached XP level 5. HP: 37/42 MP: 5/5
  2010 | D:4      | Reached skill level 5 in Shields
  2164 | D:4      | Found a sparkling altar of Nemelex Xobeh.
  3167 | D:3      | Reached *** piety under Lugonu
  3282 | D:3      | Reached XP level 6. HP: 24/49 MP: 6/6
  4269 | D:4      | Killed AbrileMaio's ghost
  4313 | D:5      | Entered Level 5 of the Dungeon
  4316 | D:5      | Found a transporter.
  4340 | D:5      | Reached skill level 5 in Fighting
  4340 | D:5      | Reached skill level 5 in Armour
  4364 | D:5      | Reached XP level 7. HP: 41/56 MP: 7/7
  4691 | D:5      | Noticed Sigmund
  4701 | D:5      | Killed Sigmund
  4702 | D:5      | Reached skill level 5 in Maces & Flails
  4702 | D:5      | Reached XP level 8. HP: 56/64 MP: 8/8
  4937 | D:5      | Noticed a hornet
  4939 | D:5      | Noticed sanka's ghost (weakling MeDe)
  4959 | D:5      | Found a transporter.
  5444 | D:6      | Reached XP level 9. HP: 23/72 MP: 9/9
  6042 | D:6      | Found a glowing silver altar of Zin.
  6094 | D:6      | Reached **** piety under Lugonu
  6642 | D:6      | HP: 2/70 [steam dragon/ball of steam (7)]
  6644 | D:6      | Succumbed to an orc warrior's poison

Illustrated notes

Levels and vault maps discovered:
D:1:      lightli_iron_boxes, layout_loops_ring, serial_rivers,
          chequers_serial_rivers_room_a, chequers_serial_rivers_small_3,
          chequers_serial_rivers_micro_d, chequers_serial_rivers_large_a,
          shapermc_ecumenical_altar_ellora
D:2:      layout_basic
D:3:      layout_loops_ring, minmay_crystal_water, kennysheep_potato
D:4:      layout_basic, dancing_weapons_uskayaw, lemuel_coloured_pillars_altar,
          minmay_temple_entry_overgrown, ebering_ghost_disaster_area,
          hex_medium, hex_large, grunt_ministairs_4
D:5:      layout_rooms, gammafunk_ghost_hive, uniq_sigmund
D:6:      cheibrodos_thug_alley, layout_basic, zin_treasury, grunt_ministairs_8
D:7:      gammafunk_beogh_shrine, layout_basic, amcnicky_altar_gilded,
          mainiacjoe_overflow_large_starburst, minmay_unpleasant_kobolds
Temple:   nicolae_temple_ecumenical_triangle

Skill      XL: |  1  2  3  4  5  6  7  8 |
---------------+-------------------------+-----
Fighting       | 4 5 6 7 |  7.7
Armour         | 4 5 6 7 |  7.7
Shields        | 5 |  5.0
Maces & Flails | 3 4 5 6 |  6.7

Action                   |  1- 3 |  4- 6 |  7- 9 || total
-------------------------+-------+-------+-------++-------
Melee: Flail             |    69 |   203 |   163 ||   435
       Whip              |       |       |    64 ||    64
 Abil: Dig               |       |     3 |     3 ||     6
Evoke: Wand              |       |       |     9 ||     9
  Use: Potion            |     1 |       |     4 ||     5
Armor: Scale mail        |    28 |    86 |    80 ||   194
       Steam dragon scal |       |       |    39 ||    39
Dodge: Dodged            |    31 |   107 |   103 ||   241
Block: Buckler           |    20 |    40 |    52 ||   112
